 Dungeon Crawl Stone Soup version 0.31-a0-632-g766dd24fdf (webtiles) character file.

Game seed: 2432891200732836398

21 ytrimaz the Ruffian (level 2, -1/21 HPs)
             Began as a Demonspawn Shapeshifter on Aug 25, 2023.
             Killed from afar by a dart slug (5 damage)
             ... with a slug dart
             ... on level 1 of the Dungeon.
             The game lasted 00:00:35 (464 turns).

ytrimaz the Ruffian (Demonspawn Shapeshifter)        Turns: 464, Time: 00:00:35

Health: -1/21      AC:  2    Str: 15    XL:     2   Next: 65%
Magic:  2/2        EV: 12    Int:  9    God:
Gold:   65         SH:  0    Dex: 13    Spells: 1/1 levels left

rFire   . .          .
                       - Unarmed
rCold   . . .        (no shield)
rNeg    . . .        a - +0 animal skin
rPois   .            (helmet currently unavailable)
rElec   .            (cloak currently unavailable)
rCorr   .            (gloves currently unavailable)
SInv    .            (boots currently unavailable)
Will    .....        (no amulet)
Stlth   +            (no ring)
HPRegen 0.23/turn    (no ring)
MPRegen 0.08/turn

%: no passive effects
@: beast-form
A: beast (slay +1), weakness stinger 1
a: Begin Untransformation


You were on level 1 of the Dungeon.
You were a hulking beast.
You visited 1 branch of the dungeon, and saw 1 of its levels.

You collected 65 gold pieces.


Innate Abilities, Weirdness & Mutations

You are a hulking beast.
Your limbs bulge with bestial killing power. (Slay +1)
You have a small tail.


   Skills:
 - Level 1.0 Fighting
 - Level 1.7 Dodging
 + Level 3.2 Unarmed Combat
 + Level 3.1 Shapeshifting


You had one spell level left.
You didn't know any spells.
Your spell library contained the following spells:

 Spells                   Type           Power      Damage    Failure   Level
 Static Discharge         Conj/Air       0%         2-2/arc   52%         2
 Airstrike                Air            0%         2d(0-16)  99%         4
 Summon Lightning Spire   Summ/Air       0%         N/A       99%         4

Inventory:

Armour
 a - a +0 animal skin (worn)
Talismans
 c - a beast talisman (active)
 d - a flux talisman
Scrolls
 f - a scroll of amnesia {unknown}
 g - 2 scrolls of identify {unknown}
 i - a scroll of teleportation {unknown}
Potions
 b - a potion of lignification
 e - a potion of might {unknown}
 h - 2 potions of heal wounds {unknown}

Dungeon Overview and Level Annotations

Branches:
Dungeon (1/15) Zot: 5537

Altars:

#..# #.#.##...... #..#
#.#.###.#.#. #..# #.#.#
###### #..# #.#.# #####
#.†# #.#.# #.... ##..#
#.#......### ###...##
#.########## #.....w#
#...........
#.....h################
#......††..# ###
##....####.# ##..
#.#### #.# #.#. #. #†#
####..# #. #.# #.####.
#.######.+....
#........####.
########.##..#


You could see a dart slug.


Message History

A ball python comes into view.
The bat barely misses you.
There are monsters nearby!
You hit the bat.
You kill the bat!
The ball python closely misses you. The ball python grabs you.
The ball python constricts you.
You see here a bat corpse.
You hit the ball python.
You kill the ball python!
No target in view!
Unknown command.
No target in view!
A dart slug comes into view.
A dart slug is nearby!
A dart slug is nearby!
You see here a ball python corpse.
A ball python and an endoplasm come into view.
The endoplasm quivers.
A dart slug comes into view.
The dart slug briefly extends its eye-stalks.
The dart slug closely misses you.
You punch the dart slug!
The dart slug bites you but does no damage.
The endoplasm freezes you.
You are frozen.
The ball python bites you.
The ball python closely misses you. 😮 HP[-6]
You take 6 damage, and now have 15/21 hp.
MASSIVE DAMAGE!! (PAUSE)
You are too injured to fight recklessly!
You are too injured to fight recklessly!
Unknown command.
You hit the dart slug.
You kill the dart slug!
The endoplasm freezes you.
You are frozen.
The ball python barely misses you. The ball python misses you. 😮 HP[-2]
You take 2 damage, and now have 13/21 hp.
You are too injured to fight recklessly!
The ball python bites you.
* * * LOW HITPOINT WARNING * * *
The ball python grabs you. The ball python constricts you.
The endoplasm hits you.
* * * LOW HITPOINT WARNING * * *
You see here a dart slug corpse. 😨 HP[-4]
You take 4 damage, and now have 9/21 hp.
You closely miss the ball python.
The ball python bites you but does no damage.
The ball python constricts you.
* * * LOW HITPOINT WARNING * * *
The endoplasm freezes you.
You are frozen.
* * * LOW HITPOINT WARNING * * *
😱 HP[-5]
You take 5 damage, and now have 4/21 hp.
MASSIVE DAMAGE!! (PAUSE) Unknown command.
Okay, then.
Unknown command.
Unknown command.
You escape the ball python's grasp.
The endoplasm attacks as it pursues you!
The endoplasm closely misses you.
The endoplasm attacks as it pursues you!
The endoplasm barely misses you.
The ball python attacks as it pursues you!
The ball python bites you.
* * * LOW HITPOINT WARNING * * *
The ball python closely misses you. The ball python barely misses you.
The ball python grabs you.
The ball python constricts you. 😱 HP[-1]
You take 1 damage, and now have 3/21 hp.
You escape the ball python's grasp.
You see here a ball python corpse. 😱 HP[+1]
You see here a bat corpse.
Unknown command.
You closely miss the ball python. You tail-slap the ball python.
You kill the ball python!
Unknown command.
The endoplasm hits you.
* * * LOW HITPOINT WARNING * * *
You see here a ball python corpse. 😱 HP[-1]
You take 1 damage, and now have 3/21 hp.
You hit the endoplasm.
You kill the endoplasm!
You see here a bat corpse.
Unknown command.
The dart slug launches a dart at you. The slug dart misses you.
A dart slug is nearby!
A dart slug is nearby!
Unknown command.
The dart slug launches a dart at you. The slug dart hits you.
You die...

Skill      XL: |  1  2 |
---------------+-------+-----
Unarmed Combat | 3 |  3.2
Shapeshifting  | 3 |  3.1
Fighting       | |  1.0
Dodging        | |  1.7

Action                     || total
---------------------------++-------
  Melee: Unarmed           ||    45
         Tailslap          ||     2
   Stab: Sleeping          ||     2
 Armour: Animal skin       ||     4
  Dodge: Dodged            ||    29

Levels and vault maps discovered:
D:1:      nzn_arrival_crosshair, layout_loops_ring, st_stairs_13,
          nicolae_hexahallways, minmay_rat_gold_closets

Notes
Turn   | Place    | Note
-------+----------+-------------------------------------------
     0 | D:1      | ytrimaz the Demonspawn Shapeshifter began the quest for the
                  | Orb.
     0 | D:1      | Reached XP level 1. HP: 15/15 MP: 1/1
     0 | D:1      | magus.rc [v1.9.6]
    52 | D:1      | You pick up a book of Storms and begin reading...
    52 | D:1      | You add the spells Static Discharge, Airstrike and Summon
                  | Lightning Spire to your library.
   138 | D:1      | Reached skill level 3 in Unarmed Combat
   172 | D:1      | Gained mutation: You have a small tail. [demonic ancestry]
   172 | D:1      | Reached XP level 2. HP: 18/21 MP: 2/2
   280 | D:1      | Reached skill level 3 in Shapeshifting
   451 | D:1      | HP: 4/21 [frozen (5)]
   460 | D:1      | HP: 3/21 [endoplasm (2)]
   464 | D:1      | Killed from afar by a dart slug

Vanquished Creatures
  A dart slug (D:1)
  4 ball pythons (D:1)
  An endoplasm (D:1)
  4 goblins (D:1)
  A hobgoblin (D:1)
  A quokka (D:1)
  A bat (D:1)
  3 kobolds (D:1)
  2 rats (D:1)
18 creatures vanquished.

Table legend:
 A = Non-vault XP
 B = Vault XP
 C = Vault XP percentage of total XP
 D = Non-vault monster count
 E = Vault monster count
 F = Vault count percentage of total count
                 A         B        C        D         E       F
            +---------+---------+-------+---------+---------+-------
      Total |      29 |       2 |   6.5 |      17 |       1 |   5.6
            +---------+---------+-------+---------+---------+-------
        D:1 |      29 |       2 |   6.5 |      17 |       1 |   5.6
            +---------+---------+-------+---------+---------+-------

Skill      XL: |  1  2 |
---------------+-------+-----
Unarmed Combat | 3 |  3.2
Shapeshifting  | 3 |  3.1
Fighting       | |  1.0
Dodging        | |  1.7

Action                     || total
---------------------------++-------
  Melee: Unarmed           ||    45
         Tailslap          ||     2
   Stab: Sleeping          ||     2
 Armour: Animal skin       ||     4
  Dodge: Dodged            ||    29

Illustrated notes

Table legend:
 A = Kills in this place as a percentage of kills in the entire game.
 B = Kills by you in this place as a percentage of kills by you in the entire game.
 C = Kills by friends in this place as a percentage of kills by friends in the entire game.
 D = Other kills in this place as a percentage of other kills in the entire game.
 E = Experience gained in this place as a percentage of experience gained in the entire game.
 F = Experience gained in this place divided by the number of levels of this place that you have seen.
                   A       B       C       D       E      F
               +-------+-------+-------+-------+-------+----------------------
         Total | 100.0 | 100.0 |   N/A |   N/A | 100.0 |  31.0
       Dungeon | 100.0 | 100.0 |   N/A |   N/A | 100.0 |  31.0
               +-------+-------+-------+-------+-------+----------------------

Table legend: (Time is in decaauts)
 A = Elapsed time spent in this place.
 B = Non-inter-level travel time spent in this place.
 C = Inter-level travel time spent in this place.
 D = Time resting spent in this place.
 E = Time spent auto-exploring this place.
 F = Levels seen in this place.
 G = Mean time per level.
                   A        B        C        D        E       F      G
               +--------+--------+--------+--------+--------+-----+--------+
         Total |    461 |    461 |      0 |      0 |    336 |   1 |  461.0 |
       Dungeon |    461 |    461 |      0 |      0 |    336 |   1 |  461.0 |
               +--------+--------+--------+--------+--------+-----+--------+

Top non-repeatable levels by time:
     D:1: 461 daAuts
